 Dungeon Crawl Stone Soup version 0.27-a0-1219-g958d993ae5 (webtiles) character file.

Game seed: 330468950746037837

837 patchburns1 the Skirmisher (level 7, -1/63 HPs)
             Began as a Hill Orc Fighter on June 6, 2021.
             Slain by a water moccasin (2 damage)
             ... on level 6 of the Dungeon.
             The game lasted 00:16:00 (6161 turns).

patchburns1 the Skirmisher (Hill Orc Fighter)       Turns: 6161, Time: 00:16:01

Health: -1/63      AC: 12    Str: 19    XL:     7   Next: 99%
Magic:  10/10      EV:  5    Int: 10    God:
Gold:   252        SH:  9    Dex: 10    Spells: 6/6 levels left

rFire    . . .     SeeInvis .   a - +0 war axe
rCold    . . .     Faith    .   c - +0 kite shield
rNeg     . . .     Spirit   .   C - +0 chain mail
rPois    .         Reflect  .   v - +0 helmet
rElec    .         Harm     .   (no cloak)
rCorr    .         Rampage  .   (no gloves)
Will     .....                  A - +0 pair of boots
Stlth    ..........             (no amulet)
HPRegen  0.20/turn              (no ring)
MPRegen  0.12/turn              (no ring)

@: lethally poisoned (-1 -> -8)
A: no striking features
a: no special abilities


You were on level 6 of the Dungeon.
You visited 2 branches of the dungeon, and saw 7 of its levels.

You collected 252 gold pieces.

Inventory:

Hand Weapons
 a - a +0 war axe (weapon)
 b - the +5 shortbow "Retoh" {vorpal, rN+ Int+5 Dex+3}
   (You found it on level 5 of the Dungeon)

   Any arrow fired from it inflicts extra damage.
   It affects your intelligence (+5).
   It affects your dexterity (+3).
   It protects you from negative energy.
 E - a +0 dagger of venom
 F - a +0 short sword of draining
Missiles
 i - 154 stones
 q - 20 sling bullets
 t - 30 poisoned darts (quivered)
 w - 80 bolts
 x - 3 boomerangs
 D - 2 curare-tipped darts
Armour
 c - a +0 kite shield (worn)
 v - a +0 helmet (worn)
 A - a +0 pair of boots (worn)
 C - a +0 chain mail (worn)
Jewellery
 z - an amulet of the acrobat
Wands
 B - a wand of flame (12)
Scrolls
 e - 4 scrolls of teleportation
 f - a scroll of enchant armour {unknown}
 j - a scroll of brand weapon {unknown}
 l - 2 scrolls of vulnerability {unknown}
 m - a scroll of fear {unknown}
 o - 3 scrolls of blinking
 p - a scroll of enchant weapon {unknown}
 y - a scroll of magic mapping {unknown}
 G - a scroll of amnesia {unknown}
 H - a scroll of noise {unknown}
 I - a scroll of acquirement {unknown}
Potions
 d - 2 potions of might
 h - a potion of heal wounds
 k - 2 potions of brilliance {unknown}
 n - a potion of haste {unknown}
 r - a potion of ambrosia {unknown}
 s - a potion of magic {unknown}
 u - 2 potions of lignification {unknown}
 J - a potion of berserk rage {unknown}


   Skills:
 * Level 6.0 Fighting
 + Level 4.5 Axes
 + Level 1.5 Throwing
 + Level 4.4 Armour
 + Level 1.8 Dodging
 + Level 4.5 Shields
 * Level 5.0 Invocations
 + Level 2.4 Evocations


You had 6 spell levels left.
You didn't know any spells.
Your spell library contained the following spells:

 Spells                   Type           Power      Damage    Failure   Level
 Beastly Appendage        Tmut           0%         N/A       100%        1
 Wereblood                Tmut           0%         N/A       100%        2
 Spider Form              Tmut/Pois      0%         N/A       100%        3
 Ice Form                 Ice/Tmut       0%         N/A       100%        4
 Hydra Form               Tmut           0%         N/A       100%        5


Dungeon Overview and Level Annotations

Branches:
Dungeon (6/15)             Temple (1/1) D:4

Altars:
Ashenzari
Cheibriados
Dithmenos
Elyvilon
Fedhas
Hepliaklqana
Kikubaaqudgha
Makhleb
Nemelex Xobeh
Okawaru
Qazlal
Ru
Sif Muna
Trog
Uskayaw
Vehumet
Wu Jian
Xom
Yredelemnul
Zin
The Shining One


Message History

The water moccasin bites you but does no damage.
The water moccasin bites you.
* * * LOW HITPOINT WARNING * * *
You miss the water moccasin.
The water moccasin is severely wounded.
* * * LOW HITPOINT WARNING * * *
You feel very sick. The water moccasin bites you.
* * * LOW HITPOINT WARNING * * *
You are more poisoned.
The water moccasin poisons you!
The water moccasin bites you but does no damage.
It was a potion of heal wounds.
You feel much better.
You feel very sick. You block the water moccasin's attack.
You closely miss the water moccasin.
The water moccasin is severely wounded.
You feel very sick. The water moccasin bites you.
The water moccasin bites you but does no damage.
Your shield and chain mail prevent you from hitting the water moccasin.
The water moccasin is severely wounded.
You feel sick. The water moccasin bites you!
* * * LOW HITPOINT WARNING * * *
The water moccasin bites you.
* * * LOW HITPOINT WARNING * * *
You are lethally poisoned!
The water moccasin poisons you! The water moccasin bites you.
* * * LOW HITPOINT WARNING * * *
You barely miss the water moccasin.
The water moccasin is severely wounded.
* * * LOW HITPOINT WARNING * * *
You feel very sick. You block the water moccasin's attack.
The water moccasin barely misses you.
You hit the water moccasin.
The water moccasin is almost dead.
* * * LOW HITPOINT WARNING * * *
You feel very sick. The water moccasin bites you.
You die...

.....#####.###....
#.#
##........†.......
#.#
##.#######.###....
#.# ...# #..# .#
#.# ####
##.####+###### #.#
# #..#........#
#.# #
##.#........# #.#
# #.#........##.
#.# #....@S....##.
#.#
##.........##.#
#.# #..#.##......#
#.# ##.#.# .###((#
#.# #.#.# .# #..#
#.# #...# #
#..######.# ##..#
#..<....#.# ..#
#..####.#.#
#.......#.#


You could see a water moccasin.

Vanquished Creatures
  The ghost of Snicker the Covert, an amateur SpEn (D:5)
  A sky beast (D:6)
  An ogre (D:5)
  A kobold brigand (D:5)
  A bullfrog zombie (D:6)
  A jelly (D:5)
  3 hounds
  A bullfrog skeleton (D:5)
  Ijyb (D:5)
  2 iguanas
  2 orc wizards (D:4)
  2 hound skeletons (D:4)
  6 adders
  A shadow imp (D:6)
  A white imp (D:6)
  A worm (D:3)
  4 dart slugs
  4 orcs (D:4)
  10 bats
  8 endoplasms
  4 giant cockroaches
  6 goblins
  6 hobgoblins
  3 jackals (D:3)
  4 quokkas
  10 ball pythons
  3 frilled lizards
  11 kobolds
  4 rats
103 creatures vanquished.

Notes
Turn   | Place    | Note
-------+----------+-------------------------------------------
     0 | D:1      | patchburns1 the Hill Orc Fighter began the quest for the
                  | Orb.
     0 | D:1      | Reached XP level 1. HP: 19/19 MP: 1/1
   376 | D:1      | Reached skill level 1 in Invocations
   376 | D:1      | Reached XP level 2. HP: 27/27 MP: 2/2
   965 | D:1      | Reached skill level 4 in Fighting
   965 | D:1      | Reached XP level 3. HP: 31/33 MP: 4/4
  1108 | D:1      | Found a faded altar of an unknown god.
  1595 | D:2      | Found a sacrificial altar of Ru.
  1713 | D:2      | Reached skill level 1 in Evocations
  1713 | D:2      | Reached XP level 4. HP: 40/40 MP: 5/5
  2470 | D:3      | Reached XP level 5. HP: 39/47 MP: 6/6
  2550 | D:3      | Found a stormy altar of Qazlal.
  2581 | D:3      | Found a burning altar of Makhleb.
  2581 | D:3      | Found a broken altar of Ashenzari.
  2581 | D:3      | Found a shimmering blue altar of Sif Muna.
  2584 | D:3      | Found a sparkling altar of Nemelex Xobeh.
  3051 | D:4      | Reached skill level 1 in Dodging
  3339 | D:4      | Found a staircase to the Ecumenical Temple.
  3453 | Temple   | Entered the Ecumenical Temple
  3941 | D:4      | Reached XP level 6. HP: 53/55 MP: 8/8
  4424 | D:5      | Entered Level 5 of the Dungeon
  4479 | D:5      | Noticed Ijyb
  4488 | D:5      | Killed Ijyb
  4531 | D:5      | Reached skill level 5 in Fighting
  4596 | D:5      | Identified the +5 shortbow "Retoh" {vorpal, rN+ Int+5
                  | Dex+3}
  4821 | D:5      | Found a runed translucent gate.
  4821 | D:5      | Found a runed translucent gate.
  4824 | D:5      | Found a runed translucent gate.
  4825 | D:5      | Noticed Snicker's ghost (amateur SpEn)
  4872 | D:5      | Killed Snicker's ghost
  4873 | D:5      | Reached XP level 7. HP: 39/61 MP: 8/10
  5260 | D:5      | Reached skill level 1 in Throwing
  6082 | D:6      | Reached skill level 6 in Fighting
  6082 | D:6      | Reached skill level 5 in Invocations
  6161 | D:6      | HP: 1/63 [poisoned by a water moccasin]
  6161 | D:6      | Slain by a water moccasin

Illustrated notes

Levels and vault maps discovered:
D:1:      doesnt_arrival_eight_statues, layout_basic, serial_corexii_hall,
          corexii_hall_statues_l, chequers_hall_statues_y,
          shapermc_ecumenical_altar_hornbeckon
D:2:      layout_loops_ring, basic_altar, minmay_tromino_v7
D:3:      layout_basic, minitemple
D:4:      layout_basic, minmay_temple_entry_arrows, kennysheep_generic_room_11
D:5:      layout_loops_corners, gammafunk_ghost_nasty_kobolds, uniq_ijyb
D:6:      layout_basic, kennysheep_little_box
Temple:   eino_wide_crystal_templ

Skill      XL: |  1  2  3  4  5  6  7 |
---------------+----------------------+-----
Invocations    | 1 2 3 4 5 |  5.0
Fighting       | 4 5 6 |  6.0
Axes           | 3 4 |  4.5
Evocations     | 1 2 |  2.4
Dodging        | 1 |  1.8
Shields        | 4 |  4.5
Armour         | 4 |  4.4
Throwing       | 1 |  1.5

Action                   |  1- 3 |  4- 6 |  7- 9 || total
-------------------------+-------+-------+-------++-------
Melee: War axe           |   106 |   193 |   103 ||   402
Throw: Dart              |       |       |     3 ||     3
  Use: Scroll            |       |     2 |     1 ||     3
       Potion            |       |       |     4 ||     4
Armor: Scale mail        |    58 |    80 |       ||   138
       Chain mail        |       |    27 |    64 ||    91
Dodge: Dodged            |    42 |    58 |    30 ||   130
Block: Kite shield       |    63 |    95 |    50 ||   208

Table legend: (Time is in decaauts)
 A = Elapsed time spent in this place.
 B = Non-inter-level travel time spent in this place.
 C = Inter-level travel time spent in this place.
 D = Time resting spent in this place.
 E = Time spent auto-exploring this place.
 F = Levels seen in this place.
 G = Mean time per level.
                   A        B        C        D        E       F      G
               +--------+--------+--------+--------+--------+-----+--------+
         Total |   6387 |   6184 |    203 |    250 |   4569 |   7 |  912.4 |
       Dungeon |   6333 |   6130 |    203 |    250 |   4525 |   6 | 1055.5 |
        Temple |     53 |     53 |      0 |      0 |     44 |   1 |   53.0 |
               +--------+--------+--------+--------+--------+-----+--------+

Top non-repeatable levels by time:
     D:4: 1491 daAuts
     D:5: 1365 daAuts
     D:1: 1319 daAuts
     D:2: 891 daAuts
     D:3: 814 daAuts
     D:6: 450 daAuts
  Temple: 53 daAuts
